 Dungeon Crawl Stone Soup version 0.26.1-11-gd32895ea62 (webtiles) character file.

Game seed: 14209582714448893210

1818 Zeld the Cleaver (level 8, -26/64 HPs)
             Began as a Minotaur Berserker on May 27, 2021.
             Was a High Priest of Trog.
             Annihilated by a boulder beetle (39 damage)
             ... on level 6 of the Dungeon.
             The game lasted 00:07:03 (6520 turns).

Zeld the Cleaver (Minotaur Berserker)               Turns: 6520, Time: 00:07:04

Health: -26/64     AC: 14    Str: 24    XL:     8   Next: 85%
Magic:  7/7        EV:  7    Int:  4    God:    Trog [*****.]
Gold:   533        SH:  0    Dex: 10    Spells: 7/7 levels left

rFire    . . .     SeeInvis .   a - +0 hand axe
rCold    . . .     Faith    .   (no shield)
rNeg     . . .     Spirit   .   k - +0 plate armour
rPois    .         Reflect  .   h - +0 hat
rElec    .         Harm     .   (no cloak)
rCorr    .         Rampage  .   (no gloves)
Will     .....                  n - +2 pair of boots "Iplore" {Regen+}
Stlth    ..........             (no amulet)
HPRegen  0.60/turn              (no ring)
MPRegen  0.10/turn              (no ring)

@: berserk cooldown, slowed, very slow
A: retaliatory headbutt, horns 2
a: Renounce Religion, Berserk, Trog's Hand, Brothers in Arms


You were on level 6 of the Dungeon.
You worshipped Trog.
Trog was extremely pleased with you.
You visited 2 branches of the dungeon, and saw 7 of its levels.
You also visited: Ossuary.

You collected 533 gold pieces.

Inventory:

Hand Weapons
 a - a +0 hand axe (weapon)
Armour
 h - a +0 hat (worn)
 k - a +0 plate armour (worn)
 n - the +2 pair of boots "Iplore" (worn) {Regen+}
   (You found it on level 4 of the Dungeon)

   It increases your rate of regeneration.
Jewellery
 x - an uncursed amulet of faith {unknown}
 y - a cursed -4 ring of evasion {unknown}
Scrolls
 b - 4 scrolls of amnesia {unknown}
 c - 3 scrolls of enchant armour {unknown}
 d - 4 scrolls of fog {unknown}
 f - 3 scrolls of teleportation {unknown}
 i - 8 scrolls of identify {unknown}
 j - 6 scrolls of remove curse {unknown}
 l - a scroll of noise {unknown}
 m - a scroll of blinking {unknown}
 r - a scroll of torment {unknown}
 t - a scroll of fear {unknown}
 u - a scroll of brand weapon {unknown}
 v - a scroll of immolation {unknown}
Potions
 e - 5 potions of heal wounds {unknown}
 g - 4 potions of brilliance {unknown}
 o - a potion of might {unknown}
 p - a potion of curing {unknown}
 q - 2 potions of cancellation {unknown}
 s - 3 potions of flight {unknown}
 w - 4 potions of lignification {unknown}
 z - a potion of degeneration {unknown}


   Skills:
 - Level 3.6 Fighting
 * Level 13.5 Axes
 - Level 2.4 Armour
 - Level 2.1 Dodging


You had 7 spell levels left.
You didn't know any spells.
Your spell library was empty.

Dungeon Overview and Level Annotations

Branches:
Dungeon (6/15)             Temple (1/1) D:6         Ossuary (visited)

Altars:
Ashenzari
Cheibriados
Dithmenos
Elyvilon
Fedhas
Gozag
Hepliaklqana
Kikubaaqudgha
Makhleb
Nemelex Xobeh
Okawaru
Qazlal
Ru
Sif Muna
Trog
Uskayaw
Vehumet
Wu Jian
Xom
Yredelemnul
Zin
The Shining One


Innate Abilities, Weirdness & Mutations

You reflexively headbutt those who attack you in melee.
You have a pair of horns on your head.


Message History

You hit the boulder beetle but do no damage.
The boulder beetle is moderately wounded.
The boulder beetle bites you!
You are too injured to fight recklessly!
You hit the boulder beetle but do no damage.
Your headbutt misses the boulder beetle.
The boulder beetle is moderately wounded.
The boulder beetle bites you!
* * * LOW HITPOINT WARNING * * *
You are too injured to fight recklessly!
You are too injured to fight recklessly!
The boulder beetle leaps!
The boulder beetle curls into a ball and begins rolling!
Found 12 arrows.
Okay, then.
Okay, then.
Your troll goes berserk!
The boulder beetle hits you!!!
Ouch! That really hurt!
You die...

# ## ##. #.. ### #####
#####.##. #########
##.##...#.
#○B@....###......#..
#°.#.###..##...#.####
## #.T#.(##.......#..
####.##......#....
#..##..#####...
##..#...##.#..#
######.##.#.........#
###.#.#.##..#....(....#
#..........##..........


You could see a boulder beetle and a friendly troll (summoned, berserk).

Vanquished Creatures
  A sky beast (D:5)
  An ice beast (D:6)
  An ogre (D:6)
  2 phantoms
  2 big kobolds (D:5)
  2 bullfrogs (D:6)
  A scorpion (D:6)
  A centaur zombie (D:6)
  A human zombie (Ossuary)
  An orc priest (D:2)
  4 hounds
  2 orc wizards
  2 bullfrog skeletons
  A centaur skeleton (D:4)
  3 iguanas
  7 worker ants
  4 mummies (Ossuary)
  16 gnolls (D:5)
  5 adders
  2 shadow imps
  A white imp (D:5)
  An ooze (D:1)
  An ufetubus (D:5)
  2 adder zombies (Ossuary)
  2 dart slugs
  3 leopard geckos
  11 orcs
  5 ball pythons
  3 giant cockroaches
  32 goblins
  27 hobgoblins
  12 jackals
  2 quokkas
  6 bats
  7 frilled lizards
  A gnoll zombie (Ossuary)
  A hobgoblin zombie (Ossuary)
  3 jackal zombies
  9 kobolds
  2 kobold zombies (Ossuary)
  An orc zombie (Ossuary)
  5 rats
  2 rat zombies (Ossuary)
198 creatures vanquished.

Vanquished Creatures (others)
  A fungus (D:2)
1 creature vanquished.

Grand Total: 199 creatures vanquished

Notes
Turn   | Place    | Note
-------+----------+-------------------------------------------
     0 | D:1      | Zeld the Minotaur Berserker began the quest for the Orb.
     0 | D:1      | Reached XP level 1. HP: 19/19 MP: 0/0
   137 | D:1      | Reached skill level 4 in Axes
   558 | D:1      | Reached XP level 2. HP: 20/26 MP: 1/1
  1061 | D:1      | Reached skill level 5 in Axes
  1115 | D:1      | Reached ** piety under Trog
  1118 | D:1      | Reached XP level 3. HP: 25/31 MP: 2/2
  1692 | D:2      | Reached skill level 6 in Axes
  1692 | D:2      | Reached XP level 4. HP: 15/39 MP: 3/3
  2128 | D:2      | Found a sparkling altar of Nemelex Xobeh.
  2483 | D:2      | Reached XP level 5. HP: 45/45 MP: 4/4
  2486 | D:2      | Reached skill level 7 in Axes
  2710 | D:3      | Found a shimmering altar of Xom.
  3427 | D:4      | Reached skill level 8 in Axes
  3441 | D:4      | Reached XP level 6. HP: 51/51 MP: 5/5
  3454 | D:4      | Got a pair of masterwork boots
  3465 | D:4      | Identified the +2 pair of boots "Iplore" {Regen+} (You
                  | found it on level 4 of the Dungeon)
  3898 | D:4      | Reached *** piety under Trog
  4070 | D:5      | Entered Level 5 of the Dungeon
  4088 | D:5      | Reached skill level 9 in Axes
  4093 | D:5      | Found a sand-covered staircase.
  4176 | Ossuary  | Entered an ossuary
  4497 | Ossuary  | Reached XP level 7. HP: 57/57 MP: 6/6
  4746 | D:5      | Reached skill level 10 in Axes
  4804 | D:5      | Reached **** piety under Trog
  5036 | D:5      | Reached skill level 11 in Axes
  5046 | D:5      | Reached XP level 8. HP: 37/64 MP: 7/7
  5186 | D:5      | Reached ***** piety under Trog
  5362 | D:5      | Reached skill level 12 in Axes
  5870 | D:6      | Reached skill level 13 in Axes
  5962 | D:6      | Found a staircase to the Ecumenical Temple.
  5999 | Temple   | Entered the Ecumenical Temple
  6502 | D:6      | Noticed a boulder beetle
  6520 | D:6      | Annihilated by a boulder beetle

Illustrated notes

Levels and vault maps discovered:
D:1:      minmay_arrival_hallway, layout_loops_corners, serial_rivers,
          chequers_serial_rivers_micro_c, chequers_serial_rivers_large_b,
          chequers_serial_rivers_large_a, chequers_serial_rivers_micro_e
D:2:      cheibrodos_pilgrimage, layout_rooms, lemuel_round_altar,
          minmay_shallow_snake_nest
D:3:      layout_basic, xom_teletrap_fun
D:4:      layout_basic
D:5:      minmay_goblin_kobold_castle, layout_gridville, enter_ossuary_1
D:6:      layout_cave_pools, minmay_temple_entry_wispy, minmay_small_thing
Temple:   compressed_dpeg_triangle_lava_temple

Skill      XL: |  1  2  3  4  5  6  7  8 |
---------------+-------------------------+-----
Axes           | 4 5 6 8 9 11 13 | 13.5
Fighting       | |  3.6
Armour         | |  2.4
Dodging        | |  2.1

Action                   |  1- 3 |  4- 6 |  7- 9 || total
-------------------------+-------+-------+-------++-------
Melee: Hand axe          |    61 |   130 |   297 ||   488
       Headbutt          |     9 |    31 |    53 ||    93
Invok: Berserk           |     1 |     2 |     3 ||     6
       Brothers in Arms  |       |       |     1 ||     1
 Stab: Sleeping          |       |     1 |       ||     1
Armor: Skin              |     1 |     6 |       ||     7
       Plate armour      |       |    52 |   173 ||   225
Dodge: Dodged            |    45 |    52 |   100 ||   197
